 Dungeon Crawl Stone Soup version 0.20-a0-29-g41cc41e (webtiles) character file.

7972 MrRokkomies the Spear-Bearer (level 10, 0/84 HPs)
             Began as a Demigod Summoner on Nov 8, 2016.
             Slain by a spiny frog (1 damage)
             ... on level 3 of the Lair of Beasts.
             The game lasted 00:33:10 (13671 turns).

MrRokkomies the Spear-Bearer (Demigod Summoner)    Turns: 13671, Time: 00:33:10

Health: 0/84       AC: 15    Str: 11    XL:     10   Next: 74%
Magic:  4/21       EV: 11    Int: 27    God:
Gold:   486        SH:  0    Dex: 16    Spells: 5 memorised, 5 levels left

rFire  . . .     SeeInvis .     T - +0 halberd (freeze)
rCold  . . .     Gourm    .     f - +4 ring mail
rNeg   . . .     Faith    .     (shield currently unavailable)
rPois  .         Spirit   .     p - +1 helmet
rElec  .         Reflect  .     (no cloak)
rCorr  .         Harm     .     g - +0 pair of gloves
MR     ++...                    e - +0 pair of boots
Stlth  +.........               K - amulet of rage
                                E - ring of protection from magic
                                G - +4 ring of intelligence

@: no status effects
A: thin metallic scales 1, high mp 1, weak 1
a: Evoke Berserk Rage


You were on level 3 of the Lair of Beasts.
You were not hungry.

You visited 2 branches of the dungeon, and saw 13 of its levels.

You collected 486 gold pieces.

Inventory:

Hand Weapons
 a - a +1 glaive
 z - a +0 blowgun
 T - a +0 halberd of freezing (weapon)
Missiles
 v - 55 poisoned needles
 I - 8 curare-tipped needles
 R - 2 javelins of penetration (quivered)
Armour
 e - a +0 pair of boots (worn)
 f - a +4 ring mail (worn)
 g - a +0 pair of gloves (worn)
 p - a +1 helmet (worn)
 O - a +0 pair of boots
Jewellery
 d - an uncursed ring of protection from magic
 h - an uncursed ring of protection from cold
 n - a +5 ring of dexterity
 t - an uncursed amulet of guardian spirit
 x - an uncursed ring of positive energy
 E - a ring of protection from magic (right hand)
 G - a +4 ring of intelligence (left hand)
 K - an amulet of rage (around neck)
Wands
 i - a wand of hasting (2/9)
 j - a wand of iceblast (4/15)
 o - a wand of heal wounds (3/9)
 y - a wand of digging (6/24)
 D - a wand of disintegration (9/24)
 M - a wand of iceblast (8/15)
 N - a wand of iceblast (7/15)
Scrolls
 w - a scroll of amnesia
 A - a scroll of enchant armour
 B - 3 scrolls of remove curse
 L - a scroll of enchant weapon
 Q - 2 scrolls of identify
Potions
 l - a potion of curing
 m - 3 potions of flight
 q - 2 potions of ambrosia
 r - 3 potions of lignification
 u - a potion of cure mutation
 F - a potion of agility
 H - a potion of might
 S - a potion of haste
Books
 b - a book of Callings

   Spells                             Type                      Level
   a - Summon Small Mammal            Summoning                    1
   b - Call Imp                       Summoning                    2
   c - Call Canine Familiar           Summoning                    3
   d - Summon Guardian Golem          Hexes/Summoning              3
   e - Summon Lightning Spire         Summoning/Air                4
   f - Summon Ice Beast               Ice/Summoning                4
Comestibles
 c - 7 bread rations
 k - 3 royal jellies
 C - 7 meat rations
 J - a beef jerky
 P - 26 fruits
 U - a chunk of flesh


   Skills:
 * Level 6.9 Fighting
 * Level 10.0 Polearms
 - Level 1.7 Dodging
 - Level 1.7 Stealth
 - Level 5.0 Spellcasting
 - Level 7.0 Summonings
 - Level 5.7 Air Magic


You had 5 spell levels left.
You knew the following spells:

 Your Spells              Type           Power        Failure   Level  Hunger
a - Summon Small Mammal   Summ           ####         1%          1    None
b - Call Imp              Summ           #####...     1%          2    None
c - Call Canine Familiar  Summ           #####...     3%          3    #......
d - Summon Lightning Spi  Summ/Air       #####...     14%         4    ###....
e - Summon Ice Beast      Ice/Summ       ####....     45%         4    ###....


Dungeon Overview and Level Annotations

Branches:
Dungeon (10/15)            Temple (0/1) D:5            Lair (3/6) D:10
  Swamp: Lair:2-4    Shoals: Lair:2-4     Snake: Lair:2-4    Spider: Lair:2-4
    Orc: D:9-12

Shops:
D:8 %[

Annotations:
D:10 Aramoto's ghost, journeyman GrEE


Innate Abilities, Weirdness & Mutations

You have an increased reservoir of magic. (+10% MP)
You are partially covered in thin metallic scales. (AC +2)
You are weak. (Str -2)


Message History

Your wolf completely misses the spiny frog.
Your wolf bites the spiny frog.
You closely miss the spiny frog.
The spiny frog is moderately wounded.
Your wolf bites the spiny frog but does no damage.
The spiny frog stings you but does no damage.
Your wolf bites the spiny frog but does no damage.
You barely miss the spiny frog.
The spiny frog is moderately wounded.
Your wolf bites the spiny frog!
The spiny frog closely misses you.
You closely miss the spiny frog.
The spiny frog is heavily wounded.
Your wolf bites the spiny frog but does no damage.
The spiny frog stings you!!
* * * LOW HITPOINT WARNING * * *
Your wolf barely misses the spiny frog.
You puncture the spiny frog! You freeze the spiny frog.
The spiny frog is severely wounded.
Your wolf barely misses the spiny frog.
The spiny frog stings you.
You die...

### #### #####
#..###P(##..#.##
................
....
................
....
........@.......
..#
#......Fh......
.# .
#..............
.#..
#....#...##.P..
....
#............+.
....
.P............#
.≈≈≈
.P......P....P#
≈≈≈≈
.#.........!....
≈≈≈≈
#.............##


You could see a spiny frog and a friendly wolf.

Vanquished Creatures
  A hydra (Lair:1)
  3 spiny frogs
  A komodo dragon (D:10)
  3 hippogriffs
  4 water moccasins
  A porcupine (Lair:2)
  An ice beast (D:9)
  2 orc warriors
  A swamp drake (D:10)
  A sky beast (D:5)
  A necrophage (D:9)
  A phantom (D:9)
  A black bear (D:8)
  3 ogres
  3 centaurs
  4 crocodiles
  A big kobold (D:9)
  2 bullfrogs (Lair:2)
  A wyvern zombie (D:6)
  A water moccasin zombie (D:6)
  A scorpion (D:9)
  A water moccasin skeleton (D:8)
  2 killer bees
  9 wights
  A quasit (D:9)
  3 jellies
  An orc priest (D:7)
  An orc wizard (D:4)
  A bullfrog zombie (D:4)
  2 centaur skeletons
  A bullfrog skeleton (D:5)
  A hound (D:5)
  9 iguanas
  Ijyb (D:2)
  4 worker ants
  3 hound skeletons
  A worker ant zombie (D:9)
  Robin (D:2)
  2 gnolls
  8 adders
  4 shadow imps
  2 oozes
  An adder skeleton (D:4)
  An adder zombie (D:9)
  3 worms
  A dart slug (D:2)
  2 leopard geckos
  6 orcs
  6 bats
  6 giant cockroaches
  13 goblins
  5 hobgoblins
  11 jackals
  2 quokkas (D:3)
  3 ball pythons
  A frilled lizard (D:1)
  8 kobolds
  5 rats
169 creatures vanquished.

Vanquished Creatures (collateral kills)
  A hill giant (D:10)
  An elephant (Lair:3)
  Psyche (D:9)
  5 komodo dragons
  A basilisk (Lair:2)
  A sky beast (D:3)
  A crocodile (D:9)
  3 bullfrogs
  A scorpion (D:6)
  4 killer bees
  2 wights
  A howler monkey (D:4)
  A hound (D:5)
  4 worker ants
  4 gnolls
  3 adders
  An ooze (D:5)
  An adder zombie (D:9)
  A worm (D:2)
  2 leopard geckos
  9 orcs
  7 hobgoblins
  2 jackals (D:3)
  A quokka (D:3)
  A frilled lizard (D:3)
  3 kobolds
62 creatures vanquished.

Vanquished Creatures (others)
  An orc priest (D:6)
  An orc (D:6)
  A fungus (Lair:1)
3 creatures vanquished.

Grand Total: 234 creatures vanquished

Notes
Turn   | Place    | Note
-------+----------+-------------------------------------------
     0 | D:1      | MrRokkomies the Demigod Summoner began the quest for the Orb.
     0 | D:1      | Reached XP level 1. HP: 14/14 MP: 5/5
   680 | D:1      | Reached XP level 2. HP: 20/22 MP: 7/7
  1086 | D:2      | Learned a level 2 spell: Call Imp
  1105 | D:2      | Noticed Ijyb
  1105 | D:2      | Reached skill level 1 in Fighting
  1610 | D:2      | Killed Ijyb
  1610 | D:2      | Reached XP level 3. HP: 6/28 MP: 6/8
  2323 | D:2      | Noticed Robin
  2380 | D:1      | Reached XP level 4. HP: 31/36 MP: 9/9
  2388 | D:1      | Learned a level 3 spell: Call Canine Familiar
  2573 | D:2      | Killed Robin
  2805 | D:2      | Found a faded altar of an unknown god.
  3061 | D:3      | Noticed a sky beast
  3090 | D:3      | Killed a sky beast
  3090 | D:3      | Reached skill level 5 in Summonings
  3090 | D:3      | Reached XP level 5. HP: 24/45 MP: 5/10
  4335 | D:4      | Reached XP level 6. HP: 52/52 MP: 7/11
  4570 | D:5      | Entered Level 5 of the Dungeon
  4674 | D:5      | Found a staircase to the Ecumenical Temple.
  4931 | D:5      | Reached skill level 1 in Polearms
  4931 | D:5      | Reached XP level 7. HP: 55/60 MP: 10/12
  5003 | D:5      | Reached skill level 2 in Polearms
  5224 | D:6      | Gained mutation: You are partially covered in thin metallic scales. (AC +2) [potion of mutation]
  5224 | D:6      | Gained mutation: You have sharp fingernails. [potion of mutation]
  5224 | D:6      | Gained mutation: Your body sometimes deteriorates upon taking damage. [potion of mutation]
  5600 | D:6      | Reached skill level 3 in Polearms
  6671 | D:7      | Reached skill level 5 in Fighting
  6671 | D:7      | Reached skill level 4 in Polearms
  6671 | D:7      | Reached XP level 8. HP: 17/68 MP: 10/13
  7332 | D:8      | Reached skill level 5 in Polearms
  7359 | D:8      | Found Tilamoca's Antique Armour Emporium.
  7700 | D:8      | Found Kuerph's Food Boutique.
  7799 | D:8      | Learned a level 4 spell: Summon Lightning Spire
  7923 | D:9      | Noticed Psyche
  7932 | D:9      | Killed Psyche
  7932 | D:9      | Reached skill level 1 in Air Magic
  8200 | D:9      | Reached skill level 6 in Polearms
  8395 | D:9      | Reached XP level 9. HP: 21/75 MP: 14/14
  8660 | D:10     | Entered Level 10 of the Dungeon
  8995 | D:9      | Reached skill level 7 in Polearms
  9176 | D:9      | Found a blossoming altar of Fedhas.
  9192 | D:9      | Gained mutation: You are dopey. (Int -2) [potion of mutation]
  9192 | D:9      | Gained mutation: You have very sharp teeth. [potion of mutation]
  9192 | D:9      | Gained mutation: You are weak. (Str -2) [potion of mutation]
  9193 | D:9      | Lost mutation: Your body sometimes deteriorates upon taking damage. [potion of cure mutation]
  9193 | D:9      | Lost mutation: You have very sharp teeth. [potion of cure mutation]
  9193 | D:9      | Lost mutation: You are dopey. (Int -2) [potion of cure mutation]
  9193 | D:9      | Lost mutation: You have sharp fingernails. [potion of cure mutation]
  9536 | D:10     | Reached skill level 5 in Air Magic
  9558 | D:10     | Noticed Aramoto's ghost (journeyman GrEE)
  9822 | D:10     | Noticed a komodo dragon
  9838 | D:10     | Killed a komodo dragon
 10013 | D:10     | Reached skill level 8 in Polearms
 10127 | D:10     | Found a staircase to the Lair.
 10446 | D:10     | Noticed a hill giant
 10461 | D:10     | Killed a hill giant
 10998 | Lair:1   | Entered Level 1 of the Lair of Beasts
 11024 | Lair:1   | Noticed a spiny frog
 11035 | Lair:1   | Killed a spiny frog
 11035 | Lair:1   | Reached XP level 10. HP: 32/83 MP: 8/18
 11897 | Lair:2   | Reached skill level 9 in Polearms
 12744 | Lair:1   | Reached skill level 5 in Spellcasting
 12755 | Lair:1   | Learned a level 4 spell: Summon Ice Beast
 13146 | Lair:1   | Noticed a five-headed hydra
 13168 | Lair:1   | Killed a five-headed hydra
 13598 | Lair:3   | Noticed an elephant
 13600 | Lair:3   | Noticed an elephant
 13600 | Lair:3   | Noticed an elephant
 13647 | Lair:3   | Noticed an elephant
 13648 | Lair:3   | Noticed an elephant
 13650 | Lair:3   | Killed an elephant
 13650 | Lair:3   | Reached skill level 10 in Polearms
 13670 | Lair:3   | HP: 1/84 [spiny frog (20)]
 13671 | Lair:3   | Slain by a spiny frog

Vault maps used:
D:1:      dpeg_arrival_fog, minmay_crystal_room, hangedman_decor_slide_cut
D:2:      ecumenical_altar_1, uniq_iyjb, uniq_robin
D:3:      first_bread
D:6:      lemuel_old_faithful
D:8:      black_bear_nest_1, serial_shops, shop, kennysheep_mini_moat
D:9:      basic_altar, uniq_psyche
D:10:     erik_lair_dragon, grunt_ministairs_15
Lair:1:   beast_lair_carwin_large_2, grunt_megastairs_3, lemuel_fruit_fields,
          lemuel_fruit_fields
Lair:2:   lab_entry_generic, lemuel_fruit_tree
Lair:3:   minmay_snake_entry_guardpost_medium, infiniplex_staircase_pool,
          grunt_megastairs_4, uniq_rupert, uniq_sonja, uniq_snorg, uniq_nergalle

Skill      XL: |  1  2  3  4  5  6  7  8  9 10 |
---------------+-------------------------------+-----
Summonings     | 4 5 6 7 |  7.0
Fighting       | 1 2 3 4 5 6 |  6.9
Polearms       | 1 4 6 8 10 | 10.0
Air Magic      | 2 5 |  5.7
Spellcasting   | 3 5 |  5.0
Dodging        | |  1.7
Stealth        | |  1.7

Action                   |  1- 3 |  4- 6 |  7- 9 | 10-12 || total
-------------------------+-------+-------+-------+-------++-------
Melee: Spear             |   184 |   338 |    98 |       ||   620
       Club              |    13 |       |       |       ||    13
       Unarmed           |     2 |       |       |       ||     2
       Morningstar       |       |    33 |       |       ||    33
       Glaive            |       |       |    60 |       ||    60
       Trident           |       |       |   304 |    86 ||   390
       Halberd           |       |       |       |    48 ||    48
 Fire: Blowgun           |       |       |     4 |       ||     4
 Cast: Summon Small Mamm |     9 |     1 |       |       ||    10
       Call Imp          |     6 |       |     1 |     4 ||    11
       Call Canine Famil |       |    15 |    23 |    12 ||    50
       Summon Lightning  |       |       |     5 |     6 ||    11
Evoke: Wand              |       |       |     3 |     5 ||     8
  Use: Potion            |     1 |       |    10 |     1 ||    12
       Scroll            |     6 |     9 |    12 |     3 ||    30
 Stab: Distracted        |     2 |     5 |     2 |     1 ||    10
       Sleeping          |     1 |     7 |     8 |       ||    16
       Invisible         |       |       |     3 |       ||     3
  Eat: Chunk             |     5 |    11 |    14 |     8 ||    38
       Beef jerky        |       |       |     1 |       ||     1
       Meat ration       |       |       |     1 |       ||     1
       Bread ration      |       |       |     1 |       ||     1
       Pizza             |       |       |       |     1 ||     1
Armor: Leather armour    |    22 |       |       |       ||    22
       Robe              |     1 |       |       |       ||     1
       Ring mail         |    33 |   207 |   216 |    81 ||   537
Dodge: Dodged            |   112 |   223 |   268 |    64 ||   667
Block: Buckler           |       |    22 |    29 |       ||    51
